 Dungeon Crawl Stone Soup version 0.30-b1-2-g02819fbbbe (webtiles) character file.

Game seed: 9511482507484047640

6 Alarkh the Charlatan (level 1, -4/16 HPs)
             Began as a Demonspawn Artificer on Nov 22, 2023.
             Frozen to death by an endoplasm (5 damage)
             ... on level 1 of the Dungeon.
             The game lasted 00:00:12 (185 turns).

Alarkh the Charlatan (Demonspawn Artificer)          Turns: 185, Time: 00:00:12

Health: -4/16      AC:  3    Str: 12    XL:     1   Next: 75%
Magic:  1/1        EV: 11    Int: 12    God:
Gold:   12         SH:  0    Dex: 13    Spells: 0/0 levels left

rFire   . . .        a - +0 club
rCold   . . .        (no shield)
rNeg    . . .        b - +0 leather armour
rPois   .            (no helmet)
rElec   .            (no cloak)
rCorr   .            (no gloves)
SInv    .            (no boots)
Will    .....        (no amulet)
Stlth   +            (no ring)
HPRegen 0.22/turn    (no ring)
MPRegen 0.07/turn

%: no passive effects
@: no status effects
A: no striking features
a: no special abilities


You were on level 1 of the Dungeon.
You visited 1 branch of the dungeon, and saw 1 of its levels.

You collected 12 gold pieces.

Inventory:

Hand Weapons
 a - a +0 club (weapon)
Armour
 b - a +0 leather armour (worn)
Wands
 c - a wand of flame (15) (quivered)
 d - a wand of charming (15)
 e - a wand of iceblast (5)
Scrolls
 f - a scroll of teleportation {unknown}
 h - a scroll of amnesia {unknown}
Potions
 g - a potion of might {unknown}


   Skills:
 + Level 1.9 Fighting
 - Level 1.7 Armour
 - Level 0.8 Dodging
 - Level 0.8 Stealth
 - Level 3.0 Evocations


You couldn't memorise any spells.
You didn't know any spells.
Your spell library contained the following spells:

 Spells                   Type           Power      Damage    Failure   Level
 Beastly Appendage        Tmut           0%         N/A       38%         1


Dungeon Overview and Level Annotations

Branches:
Dungeon (1/15)

Altars:


Message History

You barely miss the giant cockroach.
The giant cockroach is severely wounded.
The giant cockroach closely misses you. The goblin hits you with a +0 club.
The giant cockroach bites you.
You barely miss the giant cockroach.
The giant cockroach is severely wounded.
The goblin hits you but does no damage. The giant cockroach bites you.
The goblin closely misses you.
You hit the giant cockroach but do no damage.
The giant cockroach is severely wounded.
The giant cockroach misses you. The goblin barely misses you.
The giant cockroach misses you.
You barely miss the giant cockroach.
The giant cockroach is severely wounded.
The giant cockroach bites you but does no damage.
The goblin barely misses you. The endoplasm barely misses you.
You hit the giant cockroach but do no damage.
The giant cockroach is severely wounded.
The giant cockroach bites you. The endoplasm freezes you.
You are frozen.
The goblin barely misses you.
The giant cockroach bites you but does no damage.
You are too injured to fight recklessly!
You are too injured to fight recklessly!
You are too injured to fight recklessly!
You are too injured to fight recklessly!
You are too injured to fight recklessly!
You are too injured to fight recklessly!
You are too injured to fight recklessly!
You hit the endoplasm.
The endoplasm is heavily wounded.
The endoplasm hits you but does no damage.
The endoplasm freezes you.
You are frozen.
* * * LOW HITPOINT WARNING * * *
You hit the endoplasm.
The endoplasm is severely wounded.
The endoplasm freezes you.
You are frozen.
You die...

##.##.## #....# ..#
#.##### ... #.....## #..
####.#.####### ..#
#...###[.....## ..
#.##.#.####.#.## .#
##.###.####.###.##B#.#
.....#.#...## ##@Jg..#
.#.#.#.#.##.###.##...#
.........###...###...#
.#.#.#.................
.........#.....####.####
##†...........## .#
#.....###...## ..
........###...... #.
.#......# ####.##


You could see an endoplasm, a giant cockroach and a goblin.

Vanquished Creatures
  An endoplasm (D:1)
  2 hobgoblins (D:1)
  A ball python (D:1)
  2 rats (D:1)
6 creatures vanquished.

Notes
Turn   | Place    | Note
-------+----------+-------------------------------------------
     0 | D:1      | Alarkh the Demonspawn Artificer began the quest for the
                  | Orb.
     0 | D:1      | Reached XP level 1. HP: 15/15 MP: 1/1
   104 | D:1      | Found a faded altar of an unknown god.
   120 | D:1      | Got Plato's Anthology of Transition
   185 | D:1      | Frozen to death by an endoplasm

Illustrated notes

Levels and vault maps discovered:
D:1:      grunt_arrival_crossed_arrows, layout_loops_ring,
          shapermc_ecumenical_altar_rom_forum

Action                     || total
---------------------------++-------
  Melee: Club              ||    25
 Armour: Leather armour    ||     9
  Dodge: Dodged            ||    24
